 Dungeon Crawl Stone Soup version 0.22-a0-274-gf8199ec (webtiles) character file.

5314 varam the Grappler (level 10, -9/100 HPs)
             Began as a Troll Monk on Mar 14, 2018.
             Was an Elder of Okawaru.
             Mangled by a two-headed ogre
             ... wielding a +0 giant club
              (10 damage)
             ... on level 8 of the Dungeon.
             The game lasted 00:21:28 (6674 turns).

varam the Grappler (Troll Monk)                     Turns: 6674, Time: 00:21:29

Health: -9/100     AC:  8    Str: 21    XL:     10   Next: 37%
Magic:  7/9        EV: 15    Int:  9    God:    Okawaru [****..]
Gold:   195        SH:  0    Dex: 12    Spells: 9/9 levels left

rFire    + . .     SeeInvis .     - Unarmed
rCold    . . .     Gourm    +   (no shield)
rNeg     . . .     Faith    +   a - +0 robe
rPois    .         Spirit   .   (helmet restricted)
rElec    .         Reflect  .   k - +1 cloak
rCorr    .         Harm     .   (gloves unavailable)
MR       .....                  (boots unavailable)
Stlth    +++.......             e - amulet of faith
HPRegen  0.66/turn              (no ring)
MPRegen  0.11/turn              d - ring of protection from fire

@: heroism
A: large, unfitting armour, claws 3, fast metabolism 3, gourmand, regeneration
1, shaggy fur 1, tough skin 2
a: Heroism, Renounce Religion


You were on level 8 of the Dungeon.
You worshipped Okawaru.
Okawaru was greatly pleased with you.
You were completely stuffed.

You visited 2 branches of the dungeon, and saw 9 of its levels.

You collected 298 gold pieces.
You spent 103 gold pieces at shops.

Inventory:

Missiles
 j - 13 tomahawks (quivered)
 p - 30 poisoned needles
Armour
 a - a +0 robe (worn)
 k - a +1 cloak (worn)
Jewellery
 c - an uncursed ring of resist corrosion
 d - a ring of protection from fire (right claw)
 e - an amulet of faith (around neck)
 o - an uncursed amulet of magic regeneration
 u - an uncursed ring of magical power {unknown}
Wands
 h - a wand of digging (10)
 q - a wand of acid (6)
Scrolls
 f - 2 scrolls of enchant armour
 g - 2 scrolls of teleportation
 i - a scroll of enchant weapon
 l - 2 scrolls of magic mapping
 m - a scroll of immolation {unknown}
 n - a scroll of random uselessness {unknown}
 s - a scroll of fear
 y - a scroll of remove curse
 A - 2 scrolls of amnesia
 B - a scroll of identify
Potions
 r - a potion of cancellation
 t - 4 potions of curing
 v - 2 potions of invisibility {unknown}
 w - a potion of magic {unknown}
 x - a potion of mutation {unknown}
 z - 3 potions of flight
Comestibles
 b - 18 rations
 C - 12 chunks of flesh


   Skills:
 + Level 6.5(11.5) Fighting
 + Level 6.4(11.4) Throwing
 + Level 2.8(7.8) Armour
 - Level 5.7(10.7) Dodging
 - Level 1.0(6.0) Stealth
 + Level 9.6(14.6) Unarmed Combat
 + Level 0.4 Invocations


You had 9 spell levels left.
You didn't know any spells.

Dungeon Overview and Level Annotations

Branches:
Dungeon (8/15)             Temple (1/1) D:7
   Lair: D:8-11

Altars:
Ashenzari
Dithmenos
Elyvilon
Gozag
Hepliaklqana
Kikubaaqudgha
Makhleb
Nemelex Xobeh
Okawaru
Qazlal
Ru
Sif Muna
Trog
Wu Jian
Xom
Yredelemnul
Zin
The Shining One

Shops:
D:5 (   D:6 [


Innate Abilities, Weirdness & Mutations

You are too large for most types of armour.
You have claws for hands.
Your metabolism is lightning-fast.
You like to eat raw meat.
Your natural rate of healing is unusually fast.
You are covered in fur. (AC +1)
You have very tough skin. (AC +2)


Message History

The two-headed ogre hits you with a giant club!!
The two-headed ogre hits you with a giant club!
You gain the combat prowess of a mighty hero.
The two-headed ogre hits you with a giant club!!
The two-headed ogre hits you with a giant club!
You mangle the two-headed ogre!!
The two-headed ogre is heavily wounded.
You scratch the two-headed ogre. Your claw misses the two-headed ogre.
The two-headed ogre is heavily wounded.
The two-headed ogre completely misses you.
The two-headed ogre hits you with a giant club!
* * * LOW HITPOINT WARNING * * *
You mangle the two-headed ogre!!
The two-headed ogre is almost dead.
You barely miss the two-headed ogre.
The two-headed ogre is almost dead.
The two-headed ogre hits you with a giant club!!
* * * LOW HITPOINT WARNING * * *
The two-headed ogre hits you with a giant club!
You die...

#.# #.# #####.###.###
# ####............ .#
...............###.###
######.#)###..........
#..>.## .......####
#.#.#.###.........
#.#....##.###..##.#
#..........@O.....#
##.................
##.#####.#####...# #.#
#.# ..# #. #.# . ..
#.# #.# #.!


You could see a two-headed ogre.

Vanquished Creatures
  A deep elf mage (D:7)
  The ghost of tilp the Charmwright, a novice DrSk of Wu Jian (D:5)
  Grinder (D:3)
  3 hogs (D:7)
  A human (D:7)
  Eustachio (D:5)
  A yak (D:7)
  A water moccasin (D:7)
  Duvessa (D:6)
  A sky beast (D:7)
  4 ice beasts
  A black bear (D:8)
  A phantom (D:4)
  4 ogres
  5 centaurs
  2 bullfrogs
  A wyvern zombie (D:7)
  Dowan (D:6)
  3 scorpions
  2 electric eels (D:7)
  A howler monkey (D:6)
  3 crimson imps
  A bullfrog zombie (D:7)
  A centaur zombie (D:6)
  5 hounds
  7 orc priests
  3 jellies
  6 orc wizards
  2 bullfrog skeletons (D:5)
  Jessica (D:2)
  A centaur skeleton (D:7)
  Natasha (thrice) (D:2 D:3)
  An iguana (D:7)
  4 worker ants
  A killer bee zombie (D:5)
  A hound zombie (D:7)
  2 hound skeletons
  Robin (D:3)
  7 gnolls
  12 adders
  An ooze (D:3)
  3 worms
  A dart slug (D:1)
  2 leopard geckos
  25 orcs
  6 giant cockroaches
  10 goblins
  11 hobgoblins
  16 jackals
  3 quokkas
  2 ball pythons
  7 bats
  5 frilled lizards
  A jackal zombie (D:5)
  6 kobolds
  A quokka zombie (D:5)
  6 rats
205 creatures vanquished.

Notes
Turn   | Place    | Note
-------+----------+-------------------------------------------
     0 | D:1      | varam the Troll Monk began the quest for the Orb.
     0 | D:1      | Reached XP level 1. HP: 22/22 MP: 0/0
   148 | D:1      | Reached XP level 2. HP: 29/29 MP: 1/1
   556 | D:2      | Noticed Natasha
   569 | D:2      | Killed Natasha
   569 | D:2      | Reached skill level 4 in Unarmed Combat
   569 | D:2      | Reached XP level 3. HP: 17/36 MP: 2/2
   868 | D:2      | Noticed Jessica
   880 | D:2      | Killed Jessica
   880 | D:2      | Reached skill level 5 in Unarmed Combat
   880 | D:2      | Reached XP level 4. HP: 28/44 MP: 3/3
  1303 | D:2      | Reached XP level 5. HP: 40/50 MP: 4/4
  1517 | D:3      | Noticed Robin
  1539 | D:2      | Reached skill level 6 in Unarmed Combat
  1586 | D:3      | Killed Robin
  1695 | D:3      | Noticed Grinder
  1702 | D:3      | Paralysed by Grinder for 6 turns
  1818 | D:3      | Killed Grinder
  1818 | D:3      | Reached skill level 7 in Unarmed Combat
  1818 | D:3      | Reached XP level 6. HP: 45/59 MP: 5/5
  1827 | D:3      | Reached skill level 8 in Unarmed Combat
  1864 | D:3      | Reached XP level 7. HP: 60/66 MP: 6/6
  2316 | D:3      | Noticed Natasha
  2320 | D:3      | Killed Natasha
  2357 | D:3      | Noticed Natasha
  2363 | D:3      | Killed Natasha
  2660 | D:4      | Reached skill level 1 in Throwing
  2805 | D:4      | Reached skill level 3 in Fighting
  2843 | D:4      | Reached skill level 3 in Dodging
  2975 | D:4      | Reached skill level 2 in Throwing
  2975 | D:4      | Reached XP level 8. HP: 50/75 MP: 7/7
  3148 | D:4      | Found a sparkling altar of Nemelex Xobeh.
  3148 | D:4      | Found a shadowy altar of Dithmenos.
  3153 | D:4      | Found a faded altar of an unknown god.
  3155 | D:4      | Found an ornate altar of the Wu Jian Council.
  3156 | D:4      | Found a faded altar of an unknown god.
  3199 | D:5      | Entered Level 5 of the Dungeon
  3215 | D:5      | Reached skill level 9 in Unarmed Combat
  3226 | D:5      | Noticed Eustachio
  3259 | D:5      | Killed Eustachio
  3291 | D:5      | Found Jangat's Antique Weapon Boutique.
  3298 | D:5      | Noticed tilp's ghost (novice DrSk)
  3379 | D:5      | Reached skill level 3 in Throwing
  3418 | D:5      | Reached skill level 4 in Fighting
  3418 | D:5      | Reached skill level 4 in Dodging
  3461 | D:5      | Killed tilp's ghost
  3495 | D:5      | Reached skill level 4 in Throwing
  3499 | D:5      | Reached XP level 9. HP: 85/85 MP: 8/8
  3753 | D:6      | Found Ucsauzyn's Antique Armour Shoppe.
  3763 | D:6      | Bought a cloak for 103 gold pieces
  4105 | D:6      | Reached skill level 5 in Fighting
  4105 | D:6      | Reached skill level 5 in Dodging
  4200 | D:6      | Noticed Duvessa
  4200 | D:6      | Noticed Dowan
  4688 | D:7      | Found a staircase to the Ecumenical Temple.
  4695 | Temple   | Entered the Ecumenical Temple
  4775 | Temple   | Became a worshipper of Warmaster Okawaru
  4775 | Temple   | Reached * piety under Okawaru
  4775 | Temple   | Reached ** piety under Okawaru
  4904 | D:7      | Reached skill level 5 in Throwing
  5257 | D:6      | Killed Dowan
  5267 | D:6      | Killed Duvessa
  5725 | D:7      | Reached skill level 1 in Armour
  5874 | D:7      | Reached *** piety under Okawaru
  5885 | D:7      | Reached skill level 6 in Fighting
  5942 | D:7      | Noticed a deep elf mage
  5975 | D:7      | Killed a deep elf mage
  5975 | D:7      | Reached skill level 6 in Throwing
  5975 | D:7      | Reached XP level 10. HP: 97/98 MP: 9/9
  6003 | D:7      | Reached skill level 2 in Armour
  6260 | D:7      | Reached **** piety under Okawaru
  6664 | D:8      | Noticed a two-headed ogre
  6674 | D:8      | HP: 1/100 [two-headed ogre/giant club (18)]
  6674 | D:8      | Mangled by a two-headed ogre

Vault maps used:
D:1:      dpeg_arrival_rooms_c
D:2:      minmay_wonky_spiral, serial_corexii_hall, corexii_hall_statues_i,
          corexii_hall_statues_i, first_ration, minmay_distorted, uniq_jessica,
          uniq_natasha
D:3:      uniq_robin, uniq_grinder
D:4:      chequers_temple_overflow_minitemple
D:5:      serial_shops, shop, uniq_eustachio
D:6:      serial_shops, shop_statue, uniq_duvessa
D:7:      minmay_temple_entry_large_hall, serial_bayou, serial_bayou_pond_d,
          serial_bayou_pond_b, serial_bayou_shore_a, serial_bayou_pond_d,
          grunt_livestock, minmay_misc_feat_doors,
          hangedman_abyss_or_decor_passed
D:8:      minitemple, serial_shops, shop
Temple:   regret_index_temple_waves

Skill      XL: |  1  2  3  4  5  6  7  8  9 10 |
---------------+-------------------------------+-----
Unarmed Combat | 4 5 7 8 9 |  9.6
Throwing       | 2 4 6 |  6.4
Fighting       | 3 4 6 |  6.5
Dodging        | 3 4 5 |  5.7
Armour         | 1 2 |  2.8
Stealth        | |  1.0
Invocations    | |  0.4

Action                   |  1- 3 |  4- 6 |  7- 9 | 10-12 || total
-------------------------+-------+-------+-------+-------++-------
Melee: Unarmed           |    87 |   118 |   344 |    53 ||   602
       Punch             |     1 |     2 |    14 |     2 ||    19
Invok: Heroism           |       |       |     1 |     1 ||     2
  Use: Potion            |       |     5 |     2 |       ||     7
       Scroll            |       |     1 |    11 |       ||    12
 Stab: Sleeping          |     1 |     3 |     5 |     1 ||    10
       Distracted        |       |       |       |     1 ||     1
  Eat: Chunk             |    13 |    10 |    34 |     6 ||    63
       Ration            |       |       |     1 |       ||     1
Armor: Robe              |    27 |    30 |    73 |     6 ||   136
       Skin              |       |       |     4 |       ||     4
Dodge: Dodged            |    35 |    52 |   154 |    25 ||   266

Table legend:
 A = Spawn XP
 B = Non-spawn XP
 C = Spawn XP percentage of total XP
 D = Spawn monster count
 E = Non-spawn monster count
 F = Spawn count percentage of total count
 G = Total turns spent on level
                    A         B        C        D         E        F      G
               +---------+---------+-------+---------+---------+-------+---------
         Total |       0 |    7592 |   0.0 |       0 |     205 |   0.0 |  6674
               +---------+---------+-------+---------+---------+-------+---------
           D:1 |       0 |      26 |   0.0 |       0 |      16 |   0.0 |   544
           D:2 |       0 |     250 |   0.0 |       0 |      36 |   0.0 |  1015
           D:3 |       0 |     741 |   0.0 |       0 |      47 |   0.0 |  1088
           D:4 |       0 |     525 |   0.0 |       0 |      20 |   0.0 |   776
           D:5 |       0 |    1447 |   0.0 |       0 |      26 |   0.0 |   546
           D:6 |       0 |    1089 |   0.0 |       0 |      14 |   0.0 |  1197
           D:7 |       0 |    2928 |   0.0 |       0 |      36 |   0.0 |  1213
           D:8 |       0 |     586 |   0.0 |       0 |      10 |   0.0 |   156
               +---------+---------+-------+---------+---------+-------+---------
